 Dungeon Crawl Stone Soup version 0.31-a0-700-gf13585253f (webtiles) character file.

Game seed: 971311394847350018

629 qw the Shooter (level 7, -1/44 HPs)
             Began as a Gargoyle Hunter on Sept 7, 2023.
             Slain by an orc
             ... wielding a +0 trident
              (5 damage)
             ... on level 5 of the Dungeon.
             The game lasted 00:01:22 (3340 turns).

qw the Shooter (Gargoyle Hunter)                    Turns: 3340, Time: 00:01:22

Health: -1/44      AC: 10    Str: 15    XL:     7   Next: 48%
Magic:  7/7        EV: 16    Int:  9    God:
Gold:   1360       SH:  0    Dex: 15    Spells: 6/6 levels left

rFire   . . .        Y - +1 shortbow
rCold   + . .        (shield currently unavailable)
rNeg    + . .        h - +0 ring mail
rPois   inf          (no helmet)
rElec   +            (no cloak)
rCorr   .            (no gloves)
SInv    .            (no boots)
Will    .....        (no amulet)
Stlth   +            a - +5 ring of evasion
HPRegen 0.27/turn    d - ring of protection from cold
MPRegen 0.10/turn

%: no passive effects
@: no status effects
A: sickness immunity, AC +4, negative energy resistance 1, electricity
resistance, torment resistance 1, petrification resistance
a: no special abilities


You were on level 5 of the Dungeon.
You visited 1 branch of the dungeon, and saw 5 of its levels.

You collected 1360 gold pieces.


Innate Abilities, Weirdness & Mutations

You are immune to sickness and miasma.
Your stone body is resilient. (AC +4)
You are immune to poison.
You resist negative energy. (rN+)
You are resistant to electric shocks. (rElec)
You are resistant to unholy torment.
You are immune to petrification.


   Skills:
 - Level 4.5 Fighting
 + Level 7.9 Ranged Weapons
 - Level 1.1 Armour
 - Level 1.5 Dodging
 - Level 1.1 Stealth


You had 6 spell levels left.
You didn't know any spells.
Your spell library was empty.

Inventory:

Hand Weapons
 Y - a +1 shortbow (weapon)
Armour
 h - a +0 ring mail (worn)
Jewellery
 a - a +5 ring of evasion (left hand)
 d - a ring of protection from cold (right hand)
 e - a ring of positive energy
Scrolls
 i - a scroll of identify
Potions
 b - a potion of magic {unknown}
 c - a potion of enlightenment
 g - a potion of might {unknown}
 j - a potion of brilliance {unknown}
 m - a potion of invisibility {unknown}

Dungeon Overview and Level Annotations

Branches:
Dungeon (5/15)
 Temple: D:4-7

Altars:
Ashenzari
Dithmenos
Fedhas
Kikubaaqudgha

Annotations:
D:5 Pikel


Message History

The orc hits you but does no damage. The ufetubus completely misses you.
The ufetubus hits you but does no damage.
3333 |||
Found retreat position at 2,3 (floor) with 0 blocking monsters and 4 monsters attacking at destination at distance 3
3333 ||| Stepping ~*~*~tactically~*~*~ (retreating).
The orc attacks as it pursues you! The orc hits you but does no damage.
3334 |||
Found retreat position at 2,2 (floor) with 0 blocking monsters and 4 monsters attacking at destination at distance 2
3334 ||| Stepping ~*~*~tactically~*~*~ (retreating).
The ufetubus misses you. The ufetubus closely misses you.
3335 |||
Found retreat position at 1,1 (floor) with 0 blocking monsters and 4 monsters attacking at destination at distance 1
3335 ||| Stepping ~*~*~tactically~*~*~ (retreating).
You shoot an arrow. The arrow barely misses the ufetubus.
The arrow hits the iguana.
The iguana is lightly wounded.
The ufetubus hits you. The ufetubus barely misses you.
The orc closely misses you. The ufetubus completely misses you.
The ufetubus closely misses you.
You shoot an arrow. The arrow hits the iguana.
The iguana is moderately wounded.
The ufetubus closely misses you. The ufetubus barely misses you.
Pikel says, "I'm sure they'll be treated well, anyway."
The orc hits you from afar with a +0 trident.
The iguana barely misses you.
You shoot an arrow. The arrow barely misses the iguana.
The arrow hits the orc.
The orc is lightly wounded.
The sentinel's mark upon you fades away.
The ufetubus completely misses you.
The ufetubus hits you but does no damage.
The orc misses you. The iguana misses you. The ufetubus misses you.
The ufetubus barely misses you.
You shoot an arrow.
The arrow hits the iguana but does no damage.
The iguana is moderately wounded.
The ufetubus barely misses you. The ufetubus closely misses you.
The orc misses you. The iguana barely misses you.
The ufetubus closely misses you.
The ufetubus hits you but does no damage.
You shoot an arrow. The arrow hits the iguana!
You kill the iguana!
The orc hits you from afar with a +0 trident.
You die...

..............555oo
........#...####
........#.%o#
........#...#
........#..o#
####...##555# ###.
#5o5# #. #o.K#
#.o@# #####


You could see Pikel, an orc warrior, 4 lemures, an orc priest, an orc wizard, 2
orcs and an ufetubus.

Vanquished Creatures
  Prince Ribbit (D:5)
  A black bear (D:4)
  Blork the orc (D:4)
  A scorpion (D:5)
  A hound (D:5)
  A jelly (D:4)
  An iguana (D:5)
  An orc wizard (D:3)
  6 adders
  An ufetubus (D:4)
  A dart slug (D:3)
  4 orcs
  9 ball pythons
  5 endoplasms
  4 giant cockroaches
  3 goblins
  10 hobgoblins
  9 jackals
  2 quokkas
  14 bats
  4 frilled lizards
  7 kobolds
  9 rats
96 creatures vanquished.

Notes
Turn   | Place    | Note
-------+----------+-------------------------------------------
     0 | D:1      | qw the Gargoyle Hunter began the quest for the Orb.
     0 | D:1      | Reached XP level 1. HP: 12/12 MP: 1/1
     0 | D:1      | 0 ||| qw: Version: 0.3-a-76-g4403597
     0 | D:1      | 0 ||| qw: Game counter: 596
     0 | D:1      | 0 ||| qw: Melee chars always use a shield: true
     0 | D:1      | 0 ||| qw: God list: Okawaru
     0 | D:1      | 0 ||| qw: Allow faded altars: false
     0 | D:1      | 0 ||| qw: Do Orc after clearing Dungeon:15 true
     0 | D:1      | 0 ||| qw: Do second Lair branch before Depths: true
     0 | D:1      | 0 ||| qw: Lair rune preference: random
     0 | D:1      | 0 ||| qw: Goals: Normal
     0 | D:1      | 0 ||| PLANNING D:1-11
    47 | D:1      | 47 ||| RETREATING.
    63 | D:1      | Reached XP level 2. HP: 6/17 MP: 2/2
    63 | D:1      | HP: 4/17 [rat (3)]
   248 | D:1      | Reached XP level 3. HP: 21/21 MP: 3/3
   326 | D:1      | Reached skill level 5 in Ranged Weapons
   609 | D:1      | 609 ||| UPGRADING to +0 ring mail.
   619 | D:1      | 619 ||| DROPPING +0 leather armour.
   620 | D:1      | 620 ||| DROPPING ring of flight.
   621 | D:1      | 621 ||| READING scroll labelled JALOTAI QENO.
   622 | D:1      | 622 ||| READING scroll labelled LIXOONETWA.
   627 | D:1      | 627 ||| READING scroll labelled HEIMEK DIFU.
   627 | D:1      | Identified a scroll of acquirement
   627 | D:1      | 627 ||| ACQUIRING 1041 gold pieces
   627 | D:1      | Acquired 1041 gold pieces
   629 | D:1      | 629 ||| DRINKING 2 orange potions.
   630 | D:1      | 630 ||| DROPPING scroll of butterflies.
   714 | D:2      | Reached skill level 1 in Armour
  1038 | D:2      | Reached XP level 4. HP: 27/27 MP: 4/4
  1087 | D:2      | Reached skill level 3 in Fighting
  1114 | D:2      | Found an ancient bone altar of Kikubaaqudgha.
  1250 | D:2      | Found a faded altar of an unknown god.
  1294 | D:2      | 1294 ||| UPGRADING to +5 ring of evasion.
  1295 | D:2      | 1295 ||| UPGRADING to ring of positive energy.
  1604 | D:3      | Found a blossoming altar of Fedhas.
  1626 | D:3      | 1626 ||| Stepping ~*~*~tactically~*~*~ (outnumbered).
  1629 | D:3      | 1629 ||| RETREATING.
  1641 | D:3      | HP: 4/28 [orc/+0 war axe (9)]
  1642 | D:3      | 1642 ||| DRINKING potion of heal wounds.
  1660 | D:3      | Reached XP level 5. HP: 15/32 MP: 5/5
  1943 | D:3      | Found a broken altar of Ashenzari.
  1956 | D:3      | Found a shadowy altar of Dithmenos.
  2517 | D:3      | 2517 ||| UPGRADING to ring of protection from cold.
  2519 | D:3      | 2519 ||| READING scroll labelled WEHETO VURY.
  2559 | D:4      | Reached skill level 6 in Ranged Weapons
  2695 | D:4      | Noticed a black bear
  2710 | D:4      | Killed a black bear
  2711 | D:4      | Reached XP level 6. HP: 28/39 MP: 6/6
  2936 | D:4      | Noticed Blork the orc
  2942 | D:4      | Killed Blork the orc
  3133 | D:4      | 3133 ||| READING scroll labelled WATEVE ERRAFA.
  3134 | D:4      | 3134 ||| READING scroll labelled TAOTOO XYSCH.
  3135 | D:4      | 3135 ||| READING scroll labelled POETOU ZONLA.
  3136 | D:4      | 3136 ||| READING scroll labelled QICHI FUBEMNAT.
  3137 | D:4      | 3137 ||| DRINKING 2 fuming emerald potions.
  3143 | D:4      | 3143 ||| DRINKING 2 glowing pink potions.
  3248 | D:4      | 3248 ||| READING 3 scrolls of identify.
  3248 | D:4      | 3248 ||| IDENTIFYING emerald potion
  3249 | D:4      | 3249 ||| READING 2 scrolls of identify.
  3249 | D:4      | 3249 ||| IDENTIFYING inky potion
  3250 | D:4      | 3250 ||| DROPPING potion of lignification.
  3251 | D:4      | 3251 ||| DROPPING potion of ambrosia.
  3252 | D:4      | 3252 ||| DROPPING potion of berserk rage.
  3264 | D:5      | Entered Level 5 of the Dungeon
  3278 | D:5      | Noticed Prince Ribbit
  3288 | D:5      | Killed Prince Ribbit
  3289 | D:5      | Reached skill level 7 in Ranged Weapons
  3289 | D:5      | Reached XP level 7. HP: 44/44 MP: 7/7
  3323 | D:5      | 3323 ||| Stepping ~*~*~tactically~*~*~ (retreating).
  3324 | D:5      | 3324 ||| Stepping ~*~*~tactically~*~*~ (retreating).
  3324 | D:5      | Noticed Pikel
  3327 | D:5      | HP: 11/44 [iguana (9)]
  3329 | D:5      | 3329 ||| Stepping ~*~*~tactically~*~*~ (outnumbered).
  3330 | D:5      | 3330 ||| Stepping ~*~*~tactically~*~*~ (retreating).
  3331 | D:5      | 3331 ||| Stepping ~*~*~tactically~*~*~ (retreating).
  3332 | D:5      | 3332 ||| Stepping ~*~*~tactically~*~*~ (retreating).
  3333 | D:5      | 3333 ||| Stepping ~*~*~tactically~*~*~ (retreating).
  3334 | D:5      | 3334 ||| Stepping ~*~*~tactically~*~*~ (retreating).
  3335 | D:5      | 3335 ||| Stepping ~*~*~tactically~*~*~ (retreating).
  3336 | D:5      | HP: 4/44 [ufetubus (4)]
  3340 | D:5      | Slain by an orc

Levels and vault maps discovered:
D:1:      dpeg_arrival_shelter, layout_basic, dreamdust_wishing_well,
          kennysheep_boxes
D:2:      layout_basic, basic_altar, nicolae_ecumenical_oubliette
D:3:      layout_basic, fedhas_altar_3, nicolae_overflow_squiral,
          minmay_misc_feat_cross, minmay_misc_feat_hallway, roderic_batcave
D:4:      nicolae_cairo_tiling_large_dashed, layout_loops_cross,
          uniq_blork_the_orc
D:5:      layout_basic, uniq_prince_ribbit1, uniq_pikel

Skill      XL: |  1  2  3  4  5  6 |
---------------+-------------------+-----
Ranged Weapons | 5 6 7 |  7.9
Armour         | 1 |  1.1
Fighting       | 3 4 |  4.5
Dodging        | |  1.5
Stealth        | |  1.1

Action                     |  1- 3 |  4- 6 |  7- 9 || total
---------------------------+-------+-------+-------++-------
   Fire: Shortbow          |   101 |   174 |    19 ||   294
    Use: Scroll            |     3 |     7 |       ||    10
         Potion            |     1 |     3 |       ||     4
 Armour: Leather armour    |    17 |       |       ||    17
         Ring mail         |     9 |    79 |    32 ||   120
  Dodge: Dodged            |    33 |   131 |    58 ||   222

Table legend:
 A = Non-vault XP
 B = Vault XP
 C = Vault XP percentage of total XP
 D = Non-vault monster count
 E = Vault monster count
 F = Vault count percentage of total count
                 A         B        C        D         E       F
            +---------+---------+-------+---------+---------+-------
      Total |     569 |     365 |  39.1 |      86 |      10 |  10.4
            +---------+---------+-------+---------+---------+-------
        D:1 |      49 |       0 |   0.0 |      28 |       0 |   0.0
        D:2 |      44 |       0 |   0.0 |      20 |       0 |   0.0
        D:3 |      90 |      12 |  11.8 |      18 |       8 |  30.8
        D:4 |     228 |      85 |  27.2 |      17 |       1 |   5.6
        D:5 |     158 |     268 |  62.9 |       3 |       1 |  25.0
            +---------+---------+-------+---------+---------+-------
